 Dungeon Crawl Stone Soup version 0.29.1-2-gbd0b4ee654 (webtiles) character file.

Game seed: 2361661956725253243

969 Peloso the Slasher (level 7, -7/61 HPs)
             Began as a Minotaur Fighter on Nov 30, 2022.
             Killed from afar by a steam dragon (18 damage)
             ... with a ball of steam
             ... on level 6 of the Dungeon.
             The game lasted 00:08:25 (5559 turns).

Peloso the Slasher (Minotaur Fighter)               Turns: 5559, Time: 00:08:25

Health: -7/61      AC: 25    Str: 21    XL:     7   Next: 94%
Magic:  6/6        EV:  3    Int:  5    God:
Gold:   322        SH: 15    Dex: 15    Spells: 6/6 levels left

rFire   . . .      SeeInvis .   a - +0 long sword
rCold   + . .      Faith    .   i - +0 tower shield
rNeg    + . .      Spirit   .   H - +9 plate armour of Mysticism {Dex+4}
rPois   .          Reflect  .   y - +1 hat
rElec   .          Harm     .   v - +0 cloak
rCorr   .          Rampage  .   (no gloves)
Will    .....                   m - +0 pair of boots
Stlth   ..........              (no amulet)
HPRegen 0.20/turn               D - ring of protection from cold
MPRegen 0.10/turn               A - ring of positive energy

@: lethally poisoned (-7 -> -16)
A: horns 2, retaliatory headbutt
a: no special abilities


You were on level 6 of the Dungeon.
You visited 1 branch of the dungeon, and saw 6 of its levels.

You collected 322 gold pieces.

Inventory:

Hand Weapons
 a - a +0 long sword (weapon)
Armour
 b - a +0 scale mail
 c - a +0 buckler
 i - a +0 tower shield (worn)
 m - a +0 pair of boots (worn)
 v - a +0 cloak (worn)
 y - a +1 hat (worn)
 F - a +0 plate armour
 H - the +9 plate armour of Mysticism (worn) {Dex+4}
   (You acquired it on level 5 of the Dungeon)

   Dex:       It affects your dexterity (+4).
Jewellery
 A - a ring of positive energy (right hand)
 D - a ring of protection from cold (left hand)
 E - a ring of wizardry
 G - an amulet of faith
Scrolls
 e - a scroll of brand weapon {unknown}
 f - a scroll of teleportation {unknown}
 g - a scroll of enchant armour {unknown}
 h - a scroll of poison {unknown}
 j - a scroll of fear {unknown}
 o - 2 scrolls of acquirement
 q - 9 scrolls of identify {unknown}
 r - 2 scrolls of magic mapping {unknown}
 t - a scroll of summoning {unknown}
 w - a scroll of immolation {unknown}
 B - 2 scrolls of enchant weapon {unknown}
Potions
 d - 2 potions of might
 k - 2 potions of lignification {unknown}
 l - 5 potions of curing {unknown}
 n - 2 potions of heal wounds {unknown}
 p - 2 potions of ambrosia {unknown}
 s - 2 potions of mutation {unknown}
 u - a potion of cancellation {unknown}
 x - a potion of attraction {unknown}
 z - a potion of brilliance {unknown}
 C - a potion of degeneration {unknown}


   Skills:
 + Level 5.2 Fighting
 + Level 6.6 Long Blades
 + Level 6.2 Armour
 + Level 2.0 Dodging
 + Level 0.8 Stealth
 + Level 6.6 Shields


You had 6 spell levels left.
You didn't know any spells.
Your spell library contained the following spells:

 Spells                   Type           Power      Damage    Failure   Level
 Blink                    Tloc           0%         N/A       100%        2
 Manifold Assault         Tloc           0%         N/A       100%        5
 Storm Form               Tmut/Air       0%         N/A       100%        7


Dungeon Overview and Level Annotations

Branches:
Dungeon (6/15)
 Temple: D:4-7

Altars:
Sif Muna
Lugonu

Portals:
Abyss: D:4

Annotations:
D:3 2 transporters


Innate Abilities, Weirdness & Mutations

You have a pair of horns on your head.
You reflexively headbutt those who attack you in melee.


Message History

The steam dragon is severely wounded.
You are engulfed in a cloud of scalding steam.
You block the scorpion's attack.
The steam dragon bites you but does no damage.
The steam dragon claws you but does no damage.
You block the scorpion's attack.
You barely miss the steam dragon.
The steam dragon is severely wounded.
You block the scorpion's attack.
The steam dragon bites you but does no damage.
The steam dragon barely misses you. You block the scorpion's attack.
You hit the steam dragon. Your headbutt misses the steam dragon.
The steam dragon is severely wounded.
The steam dragon barely misses you. You furiously retaliate!
You headbutt the steam dragon.
The steam dragon claws you but does no damage.
The scorpion barely misses you. You furiously retaliate!
You headbutt the scorpion! The steam dragon breathes steam at you.
The ball of steam hits you!!
You hear a shout!
You hit the steam dragon.
The steam dragon is almost dead.
You are engulfed in a cloud of scalding steam.
The scorpion stings you.
You are poisoned.
The scorpion poisons you! The steam dragon bites you.
* * * LOW HITPOINT WARNING * * *
The steam dragon claws you but does no damage.
The scorpion stings you but does no damage.
You closely miss the steam dragon.
The steam dragon is almost dead.
You are engulfed in a cloud of scalding steam.
* * * LOW HITPOINT WARNING * * *
x2 You feel very sick.
You block the scorpion's attack. You block the steam dragon's attack. x2
The scorpion stings you but does no damage.
The steam dragon breathes steam at you. The ball of steam hits you!!
You die...

#.###..... .
#......# .S
#....#
...#####...##
...........#
...#.......# #
###.....#
...####D§...##
......s@§....##
#......<§)...<#
#......§.####...#
#......§## #...#
.......## #...#
.##...# #...#
#... .###. ...# #
#. #..# ..


You could see a steam dragon (catching breath) and a scorpion.

Vanquished Creatures
  Menkaure (D:4)
  An ogre (D:6)
  A centaur (D:5)
  3 phantoms
  A scorpion (D:5)
  2 hounds
  An orc priest (D:5)
  A jelly (D:4)
  An iguana (D:4)
  Natasha (thrice) (D:3)
  An orc wizard (D:5)
  A gnoll (D:1)
  9 adders
  A white imp (D:5)
  4 worms
  2 dart slugs
  4 orcs
  2 ball pythons (D:4)
  7 bats
  4 endoplasms
  A giant cockroach (D:3)
  11 goblins
  4 hobgoblins
  5 kobolds
  A quokka (D:3)
  3 frilled lizards
  3 rats
  A lurking horror (D:4)
79 creatures vanquished.

Vanquished Creatures (others)
  An orc (D:6)
  5 fungi (D:2)
  2 plants
8 creatures vanquished.

Grand Total: 87 creatures vanquished

Notes
Turn   | Place    | Note
-------+----------+-------------------------------------------
     0 | D:1      | Peloso the Minotaur Fighter began the quest for the Orb.
     0 | D:1      | Reached XP level 1. HP: 19/19 MP: 0/0
    69 | D:1      | Reached XP level 2. HP: 4/27 MP: 1/1
   936 | D:2      | Reached XP level 3. HP: 12/33 MP: 2/2
  1799 | D:2      | Reached XP level 4. HP: 40/40 MP: 3/3
  1866 | D:2      | Found a shimmering blue altar of Sif Muna.
  2010 | D:2      | Found a faded altar of an unknown god.
  2165 | D:3      | Found a transporter.
  2212 | D:3      | Noticed Natasha
  2216 | D:3      | Killed Natasha
  2217 | D:3      | Reached skill level 1 in Dodging
  2487 | D:3      | Found a transporter.
  2536 | D:3      | Noticed Natasha
  2543 | D:3      | Killed Natasha
  2544 | D:3      | Reached XP level 5. HP: 39/47 MP: 4/4
  2655 | D:3      | Noticed Natasha
  2662 | D:3      | Killed Natasha
  3305 | D:4      | Reached skill level 5 in Shields
  3347 | D:4      | You fall into a shaft and drop 1 floor!
  3347 | D:5      | Entered Level 5 of the Dungeon
  3490 | D:5      | Reached skill level 5 in Armour
  3490 | D:5      | Reached XP level 6. HP: 53/53 MP: 5/5
  3546 | D:4      | Found a corrupted altar of Lugonu.
  3550 | D:4      | Found a one-way gate to the infinite horrors of the Abyss.
  3768 | D:4      | Reached skill level 5 in Long Blades
  3816 | D:4      | Noticed Menkaure
  3827 | D:4      | Killed Menkaure
  4543 | D:5      | Reached XP level 7. HP: 54/60 MP: 6/6
  4591 | D:5      | Reached skill level 5 in Fighting
  5486 | D:6      | Noticed a steam dragon
  5522 | D:5      | Identified 3 scrolls of acquirement
  5522 | D:5      | Acquired the +9 plate armour of Mysticism {Dex+4}
  5559 | D:6      | Killed from afar by a steam dragon

Illustrated notes

Levels and vault maps discovered:
D:1:      amcnicky_arrival_abandoned_market, layout_loops_ring, minivault_4
D:2:      layout_rooms, basic_altar, shapermc_ecumenical_altar_petra
D:3:      gammafunk_steamed_eel, layout_basic, corexii_shack, uniq_natasha
D:4:      layout_basic, amcnicky_altar_lugonu_corruption, uniq_menkaure
D:5:      layout_loops_cross, minmay_fountain_box
D:6:      layout_layer_cave, temple_hall, minmay_manual_mess

Skill      XL: |  1  2  3  4  5  6  7 |
---------------+----------------------+-----
Fighting       | 4 5 |  5.2
Armour         | 4 5 6 |  6.2
Shields        | 4 5 6 |  6.6
Long Blades    | 3 4 5 6 |  6.6
Dodging        | 1 2 |  2.0
Stealth        | |  0.8

Action                   |  1- 3 |  4- 6 |  7- 9 || total
-------------------------+-------+-------+-------++-------
Melee: Long sword        |    99 |   148 |    84 ||   331
       Headbutt          |    16 |    23 |    14 ||    53
  Use: Scroll            |       |       |     1 ||     1
Armor: Scale mail        |    61 |    62 |       ||   123
       Plate armour      |       |     8 |    85 ||    93
Dodge: Dodged            |    35 |    31 |    17 ||    83
Block: Buckler           |     8 |       |       ||     8
       Tower shield      |    75 |   106 |    74 ||   255
